 Dungeon Crawl Stone Soup version 0.25-a0-578-gc91f01c39c (webtiles) character file.

Game seed: 8725154627557573967, levelgen mode: deterministic

9 Esekla the Charlatan (level 2, -8/14 HPs)
             Began as a Spriggan Artificer on Mar 6, 2020.
             Mangled by a gnoll
             ... wielding a +0 halberd
              (14 damage)
             ... on level 2 of the Dungeon.
             The game lasted 00:01:30 (256 turns).

Esekla the Charlatan (Spriggan Artificer)            Turns: 256, Time: 00:01:35

Health: -8/14      AC:  2    Str:  8    XL:     2   Next: 3%
Magic:  6/6        EV: 19    Int: 12    God:
Gold:   14         SH:  0    Dex: 16    Spells: 1/1 levels left

rFire    . . .     SeeInvis +   a - +0 short sword
rCold    . . .     Gourm    .   (shield restricted)
rNeg     . . .     Faith    .   b - +0 robe
rPois    .         Spirit   .   (helmet restricted)
rElec    .         Reflect  .   (no cloak)
rCorr    +         Harm     .   (gloves unavailable)
MR       .....                  (boots unavailable)
Stlth    ++........             (no amulet)
HPRegen  0.04/turn              g - ring of resist corrosion
MPRegen  0.10/turn              (no ring)

@: very quick
A: very small, unfitting armour, see invisible, herbivore, speed 3, slow
metabolism 2
a: no special abilities


You were on level 2 of the Dungeon.
You were not hungry.

You visited 1 branch of the dungeon, and saw 2 of its levels.

You collected 14 gold pieces.

Inventory:

Hand Weapons
 a - a +0 short sword (weapon)
Armour
 b - a +0 robe (worn)
Jewellery
 g - a ring of resist corrosion (left hand)
Wands
 c - a wand of flame (15)
 d - a wand of enslavement (15)
 e - a wand of random effects (15)
Scrolls
 h - a scroll of magic mapping {unknown}
Comestibles
 f - a ration


   Skills:
 - Level 0.7 Fighting
 * Level 1.6 Short Blades
 * Level 3.6 Dodging
 + Level 2.0 Stealth
 - Level 4.0 Evocations


You had one spell level left.
You didn't know any spells.
Your spell library was empty.

Dungeon Overview and Level Annotations

Branches:
Dungeon (2/15)

Altars:


Innate Abilities, Weirdness & Mutations

You are very small and have problems with some larger weapons.
You are too small for most types of armour.
You have supernaturally acute eyesight. (SInv)
You are a herbivore.
You cover ground extremely quickly.
You need to consume almost no food.


Message History

You see here a goblin corpse.
Things that are here:
a +0 club; a goblin corpse
There is an escape hatch in the floor here.
You start resting.
The hobgoblin is too close now for your liking.
You slide downwards.
The hatch slams shut behind you.
A frilled lizard, a goblin, 3 gnolls and 2 kobolds come into view.
A kobold is wielding a +1 whip of electrocution.
The frilled lizard hisses angrily.
Found four items.
Found a stone staircase leading down and a stone staircase leading up.
The helpless gnoll fails to defend itself.
You hit the gnoll.
The gnoll is heavily wounded.
The goblin shouts!
The gnoll shouts! x2
An adder comes into view.
The gnoll hits you with a +0 halberd!
Ouch! That really hurt!
You die...

.. .<# #.####..
# ##.....g..#
.#.......#.###
..K..........
#........?.#.#
#...[.g......#
#..K..g@..#
..........S..>.
##....g..##....
#......... ###
#.........#
#.l.......#
#.........#
#...?.!...#


You could see 3 gnolls, an adder (wandering), a goblin, 2 kobolds and a frilled
lizard.

Vanquished Creatures
  3 goblins (D:1)
  2 hobgoblins (D:1)
  2 bats (D:1)
  A frilled lizard (D:1)
8 creatures vanquished.

Notes
Turn   | Place    | Note
-------+----------+-------------------------------------------
     0 | D:1      | Esekla the Spriggan Artificer began the quest for the Orb.
     0 | D:1      | Reached XP level 1. HP: 9/9 MP: 4/4
   202 | D:1      | Reached XP level 2. HP: 7/14 MP: 6/6
   256 | D:2      | Mangled by a gnoll

Levels and vault maps discovered:
D:1:      minmay_arrival_stair_chambers, layout_basic
D:2:      layout_rooms, first_ration, hangedman_decor_riveting

Skill      XL: |  1 |
---------------+----+-----
Stealth        | 2 |  2.0
Fighting       | |  0.7
Short Blades   | |  1.6
Dodging        | |  3.6
Evocations     | |  4.0

Action                   || total
-------------------------++-------
Melee: Short sword       ||    28
 Stab: Sleeping          ||     2
Armor: Robe              ||     7
Dodge: Dodged            ||    18

Table legend:
 A = Non-vault XP
 B = Vault XP
 C = Vault XP percentage of total XP
 D = Non-vault monster count
 E = Vault monster count
 F = Vault count percentage of total count
                 A         B        C        D         E       F
            +---------+---------+-------+---------+---------+-------
      Total |      13 |       0 |   0.0 |       8 |       0 |   0.0
            +---------+---------+-------+---------+---------+-------
        D:1 |      13 |       0 |   0.0 |       8 |       0 |   0.0
            +---------+---------+-------+---------+---------+-------
